Map: 뉴 리퍼그넌시 - 래더

Players

Creator

  • Race: Protoss Protoss
  • Spawn Location: 7:00

Stats - Winner!

  • Race: Protoss Protoss
  • Spawn Location: 1:00

Event: IEM Season 13: Katowice (2019)

VOD

Have the link to the VOD?

Description

Time

  • Played on: Feb. 28, 2019, 8:12 a.m.
  • Length: 10:03

All games in this series

Show
View Real Time Build Order
Export as new Build Order

Creator Protoss 

Build Orders: Phoenix Opening, Zealot Archon 

Get SALT Encoding   

  12  0:00  Probe  
  13  0:12  Probe  
  14  0:17  Pylon  
  14  0:24  Probe  
  15  0:32  Probe  
  15  0:37  Gateway  
  15  0:40  Probe  
  16  0:46  Assimilator  
  17  0:50  Probe  
  17  0:54  Assimilator  
  18  0:58  Probe  
  19  1:06  Probe  
  19  1:09  Gateway  
  20  1:17  Probe  
  20  1:24  Cybernetics Core  
  21  1:29  Probe  
  22  1:34  Pylon  
  22  1:41  Probe  
  23  1:53  Probe  
  24  2:01  Warp Gate, Sentry, Stalker  
  28  2:12  Pylon  
  28  2:35  Phoenix  
  28  2:37  Nexus, Probe  
  29  2:48  Stalker x2  
  33  2:54  Probe  
  34  3:06  Probe  
  34  3:08  Forge  
  34  3:11  Pylon  
  35  3:17  Probe  
  36  3:25  Probe  
  36  3:33  Probe  
  37  3:41  Protoss Ground Weapons Level 1  
  38  3:43  Probe  
  38  3:47  Probe  
  39  3:49  Adept x2  
  39  3:51  Probe  
  39  3:55  Probe  
  45  3:59  Probe  
  45  4:01  Robotics Facility  
  46  4:06  Probe  
  48  4:10  Sentry  
  48  4:11  Shield Battery  
  48  4:13  Probe  
  51  4:22  Phoenix  
  51  4:23  Stalker  
  51  4:24  Probe  
  51  4:26  Probe  
  51  4:33  Assimilator  
  51  4:35  Twilight Council, Assimilator  
  51  4:37  Stalker  
  53  4:40  Probe x2  
  53  4:41  Immortal  
  59  4:57  Pylon, Probe  
  59  4:59  Zealot  
  62  5:04  Pylon  
  62  5:05  Protoss Ground Weapons Level 2  
  62  5:15  Probe x2  
  62  5:20  Observer  
  63  5:23  Zealot  
  61  5:31  Stalker  
  61  5:32  Charge  
  61  5:33  Gateway  
  61  5:37  Gateway x2  
  61  5:48  Observer  
  61  5:50  Immortal  
  63  5:58  Sentry  
  63  5:59  Zealot  
  67  6:08  Templar Archives  
  67  6:17  Gateway x2  
  67  6:18  Gateway  
  67  6:28  Warp Prism  
  67  6:31  Zealot x3  
  75  6:36  Pylon  
  75  6:37  Pylon  
  75  6:47  Pylon  
  75  6:54  High Templar x2  
  75  6:55  High Templar x2  
  75  6:56  Zealot  
  75  6:57  Probe  
  75  6:58  Archon  
  75  6:59  Archon  
  86  7:10  Observer  
  85  7:21  High Templar x2  
  85  7:22  Zealot x2  
  93  7:24  Nexus  
  93  7:26  Pylon, Archon  
  93  7:33  Zealot x3  
  93  7:34  Zealot, Observer  
  101  7:48  Zealot x2, Pylon  
  101  7:50  Pylon  
  105  8:04  High Templar x2  
  105  8:05  Zealot  
  110  8:08  Zealot x3  
  110  8:09  Archon  
  110  8:11  Zealot x2  
  120  8:23  Probe x2  
  122  8:28  High Templar  
  122  8:29  High Templar  
  122  8:30  Pylon  
  122  8:32  Pylon  
  122  8:34  Archon  
  126  8:35  Phoenix  
  126  8:47  High Templar  
  126  8:48  Zealot x4, High Templar  
  132  8:52  Archon  
  132  8:55  Shield Battery  
  138  9:02  Zealot x2  
  140  9:11  Zealot x4  
  147  9:22  Zealot x3  
  147  9:24  Zealot  
  143  9:36  Zealot x2  
  143  9:37  Zealot  
  122  9:39  Zealot  
  92  9:47  Zealot x2  
  92  9:52  Zealot  
  72  9:56  Zealot  
Show
View Real Time Build Order
Export as new Build Order

Stats Protoss - Winner!

Build Orders: Phoenix Opening, Blink Stalkers, Zealot Archon 

Get SALT Encoding   

  12  0:00  Probe  
  13  0:12  Probe  
  14  0:17  Pylon  
  14  0:24  Probe  
  15  0:32  Probe  
  15  0:36  Gateway  
  15  0:40  Probe  
  16  0:46  Assimilator  
  17  0:51  Probe  
  17  0:55  Assimilator  
  18  0:59  Probe  
  19  1:07  Probe  
  19  1:08  Gateway  
  19  1:17  Probe  
  20  1:25  Cybernetics Core  
  21  1:29  Probe  
  22  1:35  Pylon  
  22  1:41  Probe  
  23  1:53  Probe  
  18  2:01  Warp Gate, Sentry, Stalker  
  24  2:06  Pylon  
  28  2:24  Twilight Council  
  28  2:30  Stalker  
  28  2:36  Phoenix  
  30  2:43  Blink  
  30  2:48  Nexus  
  30  2:59  Probe  
  30  3:11  Probe  
  30  3:12  Stalker  
  33  3:23  Probe  
  34  3:35  Probe  
  34  3:38  Pylon  
  35  3:51  Stalker  
  35  3:52  Stalker  
  39  3:56  Probe  
  39  4:02  Probe  
  41  4:09  Probe  
  42  4:14  Probe  
  42  4:15  Stalker x2  
  47  4:20  Probe  
  47  4:22  Probe  
  46  4:28  Forge  
  46  4:29  Probe  
  46  4:30  Probe  
  47  4:34  Protoss Ground Weapons Level 1  
  49  4:39  Probe  
  49  4:40  Probe, Stalker x2  
  55  4:47  Pylon  
  55  4:51  Probe  
  56  4:53  Probe  
  57  5:00  Assimilator  
  57  5:01  Assimilator  
  57  5:03  Charge  
  57  5:10  Probe x2  
  59  5:22  Probe x2  
  61  5:31  Nexus  
  61  5:34  Probe x2  
  63  5:37  Pylon  
  63  5:44  Gateway x2  
  63  5:45  Sentry x2  
  67  5:51  Gateway  
  67  5:54  Protoss Ground Weapons Level 2  
  67  5:56  Phoenix  
  65  5:59  Gateway  
  65  6:05  Gateway  
  65  6:06  Templar Archives  
  65  6:09  Gateway  
  65  6:19  Probe x2, Robotics Facility  
  67  6:29  Pylon  
  67  6:31  Probe x2  
  67  6:32  Zealot  
  71  6:36  Zealot  
  73  6:43  Probe  
  73  6:45  High Templar x2  
  78  6:48  Zealot  
  78  6:49  Archon  
  78  6:53  Zealot x2  
  84  6:59  Zealot x2  
  88  7:05  Zealot  
  88  7:08  Pylon  
  90  7:10  Pylon  
  90  7:16  High Templar  
  90  7:17  High Templar  
  90  7:18  Zealot  
  90  7:20  Observer  
  90  7:22  Zealot x2  
  101  7:23  Archon  
  101  7:28  Zealot x3  
  107  7:31  Pylon x2  
  107  7:46  High Templar x2  
  107  7:47  Zealot  
  107  7:48  Zealot x2  
  107  7:49  Zealot x3  
  123  7:52  Pylon  
  123  7:53  Archon  
  123  7:56  Pylon  
  123  8:10  Zealot x4, High Templar x2  
  135  8:14  Archon  
  135  8:18  Zealot x2  
  139  8:20  Pylon  
  139  8:28  Pylon  
  139  8:29  Warp Prism  
  139  8:32  Zealot x3  
  139  8:33  Zealot  
  149  8:47  High Templar  
  149  8:48  Zealot, High Templar  
  155  8:49  Zealot  
  155  8:53  Archon  
  155  8:55  Zealot x2  
  161  8:57  Zealot  
  161  9:00  Zealot  
  163  9:27  Zealot x2  
  163  9:30  Pylon  
  161  9:32  Pylon  
  161  9:33  Pylon  
  161  9:35  Pylon  
  139  9:41  Zealot x2  
  139  9:42  Zealot x4  
  125  9:50  Zealot x2  
  89  10:01  Zealot  
  89  10:02  Zealot x2  

Tags
 
Add a new tag
Caveats
  • Supply blocks, unpowered buildings, or Contaminate may cause inaccurate times.
  • Supply counts are checked every 10 seconds.